 Dungeon Crawl Stone Soup version 0.21-a0-216-g6d3fd91 (webtiles) character file.

32 KristoblXynda the Chopper (level 3, 0/27 HPs)
             Began as a Demonspawn Gladiator on Aug 23, 2017.
             Slain by Terence
             ... wielding a +2 short sword of protection
              (4 damage)
             ... on level 2 of the Dungeon.
             The game lasted 00:02:38 (1088 turns).

KristoblXynda the Chopper (Demonspawn Gladiator)    Turns: 1088, Time: 00:02:38

Health: 0/27       AC:  9    Str: 15    XL:     3   Next: 10%
Magic:  3/3        EV: 13    Int:  9    God:
Gold:   108        SH:  0    Dex: 14    Spells: 2/2 levels left

rFire    . . .     SeeInvis .   a - +0 war axe
rCold    . . .     Gourm    .   (no shield)
rNeg     . . .     Faith    .   k - +3 leather armour
rPois    .         Spirit   .   (helmet restricted)
rElec    .         Reflect  .   (no cloak)
rCorr    .         Harm     .   (no gloves)
MR       .....                  i - +0 pair of boots
Stlth    +.........             (no amulet)
HPRegen  0.09/turn              (no ring)
MPRegen  0.08/turn              (no ring)

@: no status effects
A: horns 1, icy blue scales 1
a: no special abilities


You were on level 2 of the Dungeon.
You were hungry.

You visited 1 branch of the dungeon, and saw 2 of its levels.

You collected 108 gold pieces.

Inventory:

Hand Weapons
 a - a +0 war axe (weapon)
Missiles
 d - 2 throwing nets (quivered)
Armour
 i - a +0 pair of boots (worn)
 k - a +3 leather armour (worn)
Jewellery
 g - a +2 amulet of reflection {unknown}
Scrolls
 b - a scroll of fear {unknown}
 e - 2 scrolls of remove curse {unknown}
 h - a scroll of blinking {unknown}
 j - 5 scrolls of identify {unknown}
Comestibles
 f - 2 bread rations


   Skills:
 - Level 2.0 Fighting
 + Level 3.2 Axes
 + Level 2.1 Throwing
 + Level 0.6 Armour
 - Level 3.0 Dodging


You had 2 spell levels left.
You didn't know any spells.

Dungeon Overview and Level Annotations

Branches:
Dungeon (2/15)

Altars:

Annotations:
D:2 Terence


Innate Abilities, Weirdness & Mutations

You have a pair of small horns on your head.
You are partially covered in icy blue scales. (AC +2)


Message History

You hit Terence but do no damage.
Terence is severely wounded.
Terence closely misses you.
You aren't carrying any potions.
Unknown command.
Your leather armour prevents you from hitting Terence.
Terence is severely wounded.
Terence hits you with a short sword of protection.
* * * LOW HITPOINT WARNING * * *
Terence hits you but does no damage.
You hit Terence. You headbutt Terence, but do no damage.
Terence is almost dead.
Terence closely misses you.
You hit Terence but do no damage. Your headbutt misses Terence.
Terence is almost dead.
Terence misses you.
You barely miss Terence.
Terence is almost dead.
Terence hits you with a short sword of protection.
You die...

#..#.# #.(# #..#.# #..#
#..#.# #..# #..#.# #..#
#..#.# #..#
#####.†#.#####..#
#..........##.$.#####.##
#.#.###........@........
#( #..)[....@†.......
#.###(.#.##.).......##
#.)(...#.##.#...#####
###.(.#..###...##
#.##.#.# ###.#
##.###.####.# #.#
#...........# ..#
#.####.####.# ## #..#


You could see Terence.

Vanquished Creatures
  3 dart slugs
  A leopard gecko (D:1)
  A ball python (D:1)
  5 bats
  3 giant cockroaches
  3 goblins
  A hobgoblin (D:1)
  2 kobolds
  2 frilled lizards
  2 rats
23 creatures vanquished.

Notes
Turn   | Place    | Note
-------+----------+-------------------------------------------
     0 | D:1      | KristoblXynda the Demonspawn Gladiator began the quest for the Orb.
     0 | D:1      | Reached XP level 1. HP: 16/16 MP: 1/1
   374 | D:1      | Gained mutation: You are partially covered in icy blue scales. (AC +2) [demonic ancestry]
   374 | D:1      | Reached XP level 2. HP: 22/22 MP: 2/2
  1033 | D:2      | Gained mutation: You have a pair of small horns on your head. [demonic ancestry]
  1033 | D:2      | Reached XP level 3. HP: 18/27 MP: 3/3
  1051 | D:2      | Noticed Terence
  1088 | D:2      | Slain by Terence

Vault maps used:
D:1:      scummos_arrival_checkerplants
D:2:      st_stairs_7, tgw_kikubaaqudgha, uniq_terence

Skill      XL: |  1  2 |
---------------+-------+-----
Throwing       | 2 |  2.1
Axes           | 3 |  3.2
Dodging        | 3 |  3.0
Fighting       | |  2.0
Armour         | |  0.6

Action                   || total
-------------------------++-------
Melee: War axe           ||    99
       Headbutt          ||     7
Throw: Throwing net      ||     1
Armor: Ring mail         ||    19
       Leather armour    ||    31
Dodge: Dodged            ||    72

Table legend:
 A = Spawn XP
 B = Non-spawn XP
 C = Spawn XP percentage of total XP
 D = Spawn monster count
 E = Non-spawn monster count
 F = Spawn count percentage of total count
 G = Total turns spent on level
                    A         B        C        D         E        F      G
               +---------+---------+-------+---------+---------+-------+---------
         Total |       5 |      42 |  10.6 |       2 |      21 |   8.7 |  1088
               +---------+---------+-------+---------+---------+-------+---------
           D:1 |       5 |      24 |  17.2 |       2 |      12 |  14.3 |   799
           D:2 |       0 |      18 |   0.0 |       0 |       9 |   0.0 |   289
               +---------+---------+-------+---------+---------+-------+---------
